Map: Blackrock LE

Players

Halo - Winner!

  • Race: Zerg Zerg

A.I. 1 (Harder)

  • Race: Zerg Zerg

VOD

Have the link to the VOD?

Description

Time

  • Played on: Aug. 5, 2026, 12:14 a.m.
  • Length: 10:43
Show
View Real Time Build Order
Export as new Build Order

Halo Zerg - Winner!

Build Orders: Hatch First 

Get SALT Encoding   

  8  0:02  Drone  
  9  0:11  Drone  
  10  0:17  Drone  
  11  0:22  Drone  
  11  0:27  Extractor  
  11  0:30  Drone  
  13  0:39  Overlord  
  13  0:58  Drone x2  
  15  1:13  Hatchery  
  15  1:17  Drone  
  15  1:20  Drone  
  16  1:40  Spawning Pool, Extractor  
  16  1:41  Drone  
  16  1:45  Drone  
  16  1:49  Drone  
  16  1:52  Drone  
  18  2:01  Drone  
  19  2:12  Overlord  
  19  2:24  Drone  
  20  2:30  Queen  
  20  2:31  Queen  
  24  2:37  Zergling x4  
  24  2:43  Drone  
  27  2:44  Drone  
  27  2:50  Metabolic Boost  
  28  2:58  Overlord  
  28  3:04  Overlord  
  28  3:07  Drone  
  29  3:13  Drone x2  
  29  3:14  Drone  
  32  3:32  Hatchery  
  31  3:36  Drone  
  32  3:42  Overlord  
  32  3:47  Overlord  
  32  3:53  Drone x3  
  32  3:55  Drone  
  36  3:58  Drone  
  37  4:04  Drone x3  
  40  4:13  Queen  
  42  4:20  Queen  
  44  4:24  Extractor  
  44  4:27  Baneling Nest  
  42  4:39  Drone x7  
  49  4:56  Overlord x2  
  49  5:22  Drone  
  49  5:26  Overlord x3  
  50  5:29  Zergling x18  
  59  5:38  Queen  
  59  5:42  Queen  
  63  5:43  Lair  
  63  5:49  Evolution Chamber, Drone  
  64  5:50  Drone  
  64  5:51  Evolution Chamber  
  64  5:52  Drone x8  
  71  6:01  Drone x3  
  71  6:02  Drone  
  75  6:10  Drone x2  
  77  6:15  Zergling x6  
  80  6:19  Zerg Melee Weapons Level 1, Zerg Ground Armor Level 1  
  80  6:46  Zergling x2  
  80  6:47  Zergling x26  
  83  7:07  Zergling x8  
  83  7:08  Zergling x8  
  86  7:11  Centrifugal Hooks  
  84  7:38  Overlord x3  
  84  7:39  Zergling x12  
  84  7:40  Zergling x2  
  84  7:41  Zergling x10  
  84  7:42  Zergling x6  
  99  7:47  Baneling x15  
  99  7:49  Baneling x7  
  99  7:56  Zergling x6  
  102  8:12  Extractor  
  101  8:13  Drone x2  
  101  8:18  Zerg Melee Weapons Level 2, Zerg Ground Armor Level 2  
  101  8:19  Zergling x4  
  109  8:20  Zergling x16  
  109  8:22  Hatchery  
  112  8:32  Overlord  
  112  8:33  Overlord x2, Hatchery  
  111  8:51  Zergling x8  
  111  8:52  Zergling x14  
  122  9:02  Overseer x3  
  114  9:14  Zergling x2  
  114  9:15  Zergling x24  
  119  9:59  Zergling x2  
  120  10:00  Zergling x38  
  139  10:09  Zergling x20  
  146  10:21  Zergling x14  
  146  10:24  Overlord  
  146  10:25  Overlord  
Show
View Real Time Build Order
Export as new Build Order

A.I. 1 (Harder) Zerg 

Build Orders: 1 Base Baneling Bust, Pool First 

Get SALT Encoding   

  8  0:00  Drone  
  9  0:10  Drone  
  10  0:16  Drone  
  11  0:21  Drone  
  12  0:33  Overlord  
  12  0:51  Drone x3  
  15  1:01  Drone  
  16  1:10  Spawning Pool  
  15  1:12  Drone  
  16  1:20  Extractor, Drone  
  16  1:30  Drone  
  17  1:40  Overlord  
  17  1:57  Zergling x2  
  17  1:59  Queen  
  20  2:06  Zergling x2, Roach Warren  
  20  2:10  Drone  
  20  2:12  Extractor  
  20  2:20  Drone  
  21  2:30  Drone  
  22  2:39  Overlord  
  22  2:50  Drone  
  23  3:00  Roach  
  25  3:06  Drone  
  25  3:08  Roach  
  25  3:12  Overlord  
  28  3:17  Roach  
  30  3:25  Roach  
  34  3:34  Roach  
  34  3:37  Overlord  
  34  3:43  Roach  
  36  3:51  Roach  
  38  4:00  Roach, Overlord  
  40  4:08  Roach  
  44  4:17  Roach  
  44  4:21  Drone  
  45  4:25  Drone, Roach  
  48  4:32  Overlord  
  48  4:41  Roach  
  48  4:42  Drone x2  
  52  4:51  Drone  
  52  4:52  Baneling Nest  
  52  5:00  Evolution Chamber  
  52  5:01  Drone  
  52  5:11  Drone  
  52  5:13  Drone, Roach  
  56  5:21  Roach  
  58  6:10  Overlord, Lair  
  58  6:11  Zerg Melee Weapons Level 1  
  58  6:19  Hatchery  
  57  6:33  Drone  
  58  6:44  Overlord  
  57  6:48  Zergling x2  
  49  7:04  Roach  
  45  7:09  Burrow  
  45  7:10  Hydralisk Den, Drone  
  45  7:11  Roach  
  33  7:18  Roach  
  35  7:25  Roach  
  37  7:32  Roach  
  37  7:36  Drone x3  
  37  7:37  Drone  
  43  7:39  Drone, Roach  
  43  7:40  Extractor  
  45  7:44  Drone  
  45  7:45  Overseer x2  
  45  7:47  Roach  
  48  7:51  Drone  
  48  7:52  Drone x2  
  48  7:54  Roach  
  48  7:58  Drone  
  54  8:01  Drone  
  54  8:05  Zerg Ground Armor Level 1  
  55  8:07  Hydralisk  
  55  8:10  Drone  
  58  8:18  Drone  
  59  8:20  Drone  
  59  8:22  Hydralisk  
  59  8:23  Drone  
  59  8:24  Drone  
  64  8:28  Drone  
  64  8:30  Drone  
  66  8:37  Spore Crawler  
  66  8:38  Drone  
  66  8:39  Spore Crawler  
  66  8:40  Drone  
  66  8:48  Overlord  
  66  8:50  Spore Crawler, Drone  
  66  8:53  Spore Crawler  
  65  8:56  Roach, Drone x2  
  65  8:59  Drone  
  65  9:00  Drone  
  70  9:08  Hydralisk  
  52  9:10  Zergling x2  
  34  9:19  Zergling x2  
  35  9:27  Roach, Drone  
  35  9:29  Drone  
  38  9:33  Drone  
  39  9:39  Drone  
  39  9:41  Queen  
  40  9:49  Hydralisk  
  42  9:58  Roach x2  
  42  9:59  Drone x2  
  46  10:03  Drone  
  47  10:09  Hydralisk  
  47  10:12  Drone x4  
  47  10:14  Drone x2  
  48  10:20  Roach  
  7  10:30  Drone  
  7  10:31  Drone x2  
Tags
 
Add a new tag
Caveats
  • Supply blocks, unpowered buildings, or Contaminate may cause inaccurate times.
  • Supply counts are checked every 10 seconds.